 Dungeon Crawl Stone Soup version 0.27.1 (webtiles) character file.

Game seed: 7188470723352323625

88 Tsarbomb the Chopper (level 4, -8/39 HPs)
             Began as a Hill Orc Fighter on Sept 4, 2021.
             Mangled by a gnoll (10 damage)
             ... on level 3 of the Dungeon.
             The game lasted 00:06:40 (2477 turns).

Tsarbomb the Chopper (Hill Orc Fighter)             Turns: 2477, Time: 00:06:40

Health: -8/39      AC:  8    Str: 19    XL:     4   Next: 54%
Magic:  0/4        EV:  7    Int:  8    God:
Gold:   54         SH:  9    Dex: 10    Spells: 3/3 levels left

rFire    . . .     SeeInvis .   a - +0 war axe
rCold    . . .     Faith    .   c - +0 kite shield
rNeg     + . .     Spirit   +   b - +0 scale mail
rPois    .         Reflect  .   (no helmet)
rElec    .         Harm     .   (no cloak)
rCorr    .         Rampage  .   (no gloves)
Will     .....                  h - +0 pair of boots
Stlth    ..........             s - amulet of guardian spirit
HPRegen  0.13/turn              g - ring of positive energy
MPRegen  0.09/turn              (no ring)

@: no status effects
A: no striking features
a: no special abilities


You were on level 3 of the Dungeon.
You visited 1 branch of the dungeon, and saw 3 of its levels.

You collected 54 gold pieces.

Inventory:

Hand Weapons
 a - a +0 war axe (weapon)
 m - a +0 spear of venom
Missiles
 n - a throwing net (quivered)
Armour
 b - a +0 scale mail (worn)
 c - a +0 kite shield (worn)
 h - a +0 pair of boots (worn)
Jewellery
 g - a ring of positive energy (left hand)
 s - an amulet of guardian spirit (around neck)
Scrolls
 i - a scroll of enchant armour {unknown}
 j - a scroll of immolation {unknown}
 k - a scroll of fog {unknown}
 l - a scroll of identify {unknown}
 o - a scroll of silence {unknown}
 p - a scroll of vulnerability {unknown}
 r - a scroll of magic mapping {unknown}
Potions
 d - a potion of might
 e - a potion of curing {unknown}
 f - a potion of lignification {unknown}
 q - a potion of flight {unknown}


   Skills:
 - Level 3.6 Fighting
 + Level 6.1 Axes
 - Level 3.2 Armour
 - Level 3.2 Shields


You had 3 spell levels left.
You didn't know any spells.
Your spell library contained the following spells:

 Spells                   Type           Power      Damage    Failure   Level
 Passwall                 Tmut/Erth      0%         N/A       100%        2
 Swiftness                Air            0%         N/A       100%        3
 Invisibility             Hex            0%         N/A       100%        6


Dungeon Overview and Level Annotations

Branches:
Dungeon (3/15)

Altars:

Shops:
D:2 [

Annotations:
D:2 exclusion: 2 downstairs


Message History

You continue putting on your amulet of guardian spirit. x5
You finish putting on your amulet of guardian spirit.
You feel your power drawn to a protective spirit.
s - an amulet of guardian spirit (around neck)
Found 18 gold pieces.
You see here a scroll labelled CELUHO WIYSTRIJ.
The gnoll shouts!
You hear a shout!
A kobold comes into view.
It is wielding a +2 short sword of venom.
The gnoll hits you from afar with a +0 halberd.
The gnoll hits you with a +0 halberd!
You closely miss the gnoll. The gnoll hits you with a +0 halberd.
You block the gnoll's attack.
You barely miss the gnoll.
The kobold throws a stone.
You block the stone. The gnoll barely misses you.
Your shield and scale mail prevent you from hitting the gnoll.
The gnoll hits you with a +0 halberd! The gnoll hits you with a +0 halberd.
You are too injured to fight recklessly!
You are too injured to fight recklessly!
You are too injured to fight recklessly!
You are too injured to fight recklessly!
You hit the gnoll.
The gnoll is lightly wounded.
You hit the kobold.
You kill the kobold!
The gnoll hits you with a +0 halberd.
You barely miss the gnoll.
The gnoll is lightly wounded.
You block the gnoll's attack.
You hit the gnoll.
The gnoll is heavily wounded.
The gnoll closely misses you. You block the gnoll's attack.
You hit the gnoll.
The gnoll is severely wounded.
You block the gnoll's attack.
You completely miss the gnoll.
The gnoll is severely wounded.
The gnoll hits you with a +0 halberd!
* * * LOW HITPOINT WARNING * * *
The gnoll hits you with a +0 halberd!
You die...

.#............#
..............## P≈≈
..##...###.....## P≈≈
........#.......# P≈≈♣
...##.....#.##..###P.PP♣
.#.##.......###...#≈P≈≈♣
.#.##.##.....##......P≈♣
...##.......?#.......≈≈≈
...##...........@..$..P≈
....#...(.......)g.....P
.......#.###...........#
.......#.# #.....[.....#
...#.......##!........##
..#.........##...#...##
....######.. ..##......
...)..# ...... ......
.........


You could see a gnoll.

Vanquished Creatures
  2 gnolls (D:2)
  2 adders (D:2)
  An ufetubus (D:2)
  A dart slug (D:2)
  4 endoplasms
  A giant cockroach (D:1)
  4 goblins
  6 hobgoblins
  3 quokkas
  5 ball pythons
  6 bats
  3 frilled lizards
  4 kobolds
  3 rats
45 creatures vanquished.

Vanquished Creatures (others)
  2 plants (D:3)
2 creatures vanquished.

Grand Total: 47 creatures vanquished

Notes
Turn   | Place    | Note
-------+----------+-------------------------------------------
     0 | D:1      | Tsarbomb the Hill Orc Fighter began the quest for the Orb.
     0 | D:1      | Reached XP level 1. HP: 19/19 MP: 1/1
    43 | D:1      | Reached skill level 3 in Axes
   105 | D:1      | You fall into a shaft and drop 1 floor!
   113 | D:2      | Reached skill level 4 in Axes
   113 | D:2      | Reached XP level 2. HP: 26/26 MP: 2/2
   437 | D:1      | Found a faded altar of an unknown god.
   749 | D:2      | Reached XP level 3. HP: 31/31 MP: 3/3
   836 | D:2      | Found Bausy's Antique Armour Boutique.
   931 | D:2      | Reached skill level 5 in Axes
  1875 | D:2      | Reached XP level 4. HP: 35/39 MP: 4/4
  2231 | D:2      | Reached skill level 6 in Axes
  2477 | D:3      | Mangled by a gnoll

Illustrated notes

Levels and vault maps discovered:
D:1:      saegor_arrival_simple_b, layout_loops_cross,
          shapermc_ecumenical_altar_acropolis
D:2:      layout_loops_ring, serial_shops, nicolae_lakefront_shop
D:3:      layout_rooms, serial_bayou, serial_bayou_shore_a, serial_bayou_pond_c,
          serial_bayou_pond_d, serial_bayou_crossing, serial_bayou_shore_b,
          kennysheep_small_spiral

Skill      XL: |  1  2  3  4 |
---------------+-------------+-----
Axes           | 4 5 6 |  6.1
Fighting       | |  3.6
Armour         | |  3.2
Shields        | |  3.2

Action                   |  1- 3 |  4- 6 || total
-------------------------+-------+-------++-------
Melee: War axe           |    88 |    39 ||   127
Armor: Scale mail        |    46 |    13 ||    59
Dodge: Dodged            |    27 |    14 ||    41
Block: Kite shield       |    65 |    23 ||    88
